[Event "January 2 Early 2024"]
[Site "https://www.chess.com"]
[Date "2024.01.02"]
[Round "11"]
[White "Teterev, Vitaly"]
[Black "Holt, Conrad"]
[Result "1-0"]
[Board "31"]
[TimeControl "180+1"]
[WhiteFideId "13501429"]
[BlackFideId "2034387"]
[WhiteElo "2631"]
[BlackElo "2800"]
[WhiteTeam "BLR"]
[BlackTeam "USA"]
[WhiteClock "0:00:18"]
[BlackClock "0:00:00"]

1. Nf3 d5 2. g3 Bf5 3. Bg2 e6 4. c4 c6 5. cxd5 exd5 6. O-O Nf6 7. d3 Be7 8. Nc3 O-O 9. Qb3 Qb6 10. Qc2 Na6 11. a3 Rfe8 12. e4 dxe4 13. dxe4 Be6 14. Be3 Qa5 15. h3 h6 16. b4 Qc7 17. Bf4 Qc8 18. Kh2 Nc7 19. Nd4 Bc4 20. Rfe1 Ne6 21. Be3 Nxd4 22. Bxd4 Rd8 23. Rad1 Qe6 24. Nd5 cxd5 25. exd5 Qc8 26. Rxe7 Nxd5 27. Re4 Bb5 28. Qb2 Nf6 29. Rc1 Qxc1 30. Qxc1 Nxe4 31. Bxg7 Kxg7 32. Bxe4 Rac8 33. Qb2+ Kg8 34. Bxb7 Rc7 35. Bf3 Rcd7 36. Qe5 Bd3 37. g4 Bg6 38. h4 Rd3 39. Kg2 Rxa3 40. h5 Bd3 41. g5 Bf1+ 42. Kxf1 Rxf3 43. gxh6 Kf8 44. h7 1-0

[Event "January 2 Early 2024"]
[Site "https://www.chess.com"]
[Date "2024.01.02"]
[Round "11"]
[White "Parfenov, Viktor N."]
[Black "Gabrielian, Artur"]
[Result "0-1"]
[Board "32"]
[TimeControl "180+1"]
[WhiteFideId "4165969"]
[BlackFideId "4131002"]
[WhiteElo "2565"]
[BlackElo "2793"]
[WhiteTeam "RUS"]
[BlackTeam "RUS"]
[WhiteClock "0:01:49"]
[BlackClock "0:02:50"]

1. d4 Nf6 2. c4 c5 3. e3 g6 4. Nc3 Bg7 5. d5 O-O 6. Nf3 d6 7. h3 e6 8. Be2 exd5 9. cxd5 a6 10. a4 Re8 11. Nd2 Nbd7 12. O-O Rb8 13. Nc4 Nb6 14. Na3 Bd7 15. a5 Nc8 16. e4 Nxe4 17. Nxe4 Rxe4 18. Nc4 Bb5 19. Ra3 Bxc4 0-1

[Event "January 2 Early 2024"]
[Site "https://www.chess.com"]
[Date "2024.01.02"]
[Round "11"]
[White "Kosteniuk, Alexandra"]
[Black "Travadon, Loic"]
[Result "1-0"]
[Board "33"]
[TimeControl "180+1"]
[WhiteFideId "4128125"]
[BlackFideId "26092131"]
[WhiteElo "2759"]
[BlackElo "2324"]
[WhiteTeam "SUI"]
[BlackTeam "FRA"]
[WhiteClock "0:00:15"]
[BlackClock "0:00:17"]

1. e4 d6 2. d4 Nf6 3. Nc3 e5 4. Nge2 Nbd7 5. h3 Be7 6. g4 O-O 7. Be3 b5 8. Bg2 b4 9. Nd5 Nxd5 10. exd5 Bg5 11. Ng3 Bxe3 12. fxe3 Qh4 13. Qf3 exd4 14. exd4 Re8+ 15. Kf2 Nf6 16. Rae1 Bb7 17. Qb3 h5 18. Rxe8+ Rxe8 19. Bf3 a5 20. Kg2 Qg5 21. Qd3 Nxd5 22. Kf2 Nf4 23. Qf5 Qxf5 24. Nxf5 Bxf3 25. Kxf3 Ne2 26. Rh2 g6 27. Rxe2 Rxe2 28. Kxe2 gxf5 29. gxf5 Kg7 30. Kf3 Kf6 31. Kf4 c5 32. dxc5 dxc5 33. c3 c4 34. a3 bxa3 35. bxa3 h4 36. a4 Ke7 37. Ke5 f6+ 38. Kd5 Kd7 39. Kxc4 Kd6 40. Kd4 Kc6 41. c4 Kd6 42. c5+ Kc6 43. Kc4 Kd7 44. Kd5 Kc7 45. Ke6 Kc6 46. Kxf6 Kxc5 47. Ke5 Kb4 48. f6 Kxa4 49. f7 Kb3 50. f8=Q a4 51. Qb8+ Ka3 52. Kf4 Ka2 53. Kg4 a3 54. Kxh4 Ka1 1-0

[Event "January 2 Early 2024"]
[Site "https://www.chess.com"]
[Date "2024.01.02"]
[Round "11"]
[White "Sarana, Alexey"]
[Black "Coro, Lucas"]
[Result "1-0"]
[Board "34"]
[TimeControl "180+1"]
[WhiteFideId "24133795"]
[BlackFideId "147222"]
[WhiteElo "3006"]
[BlackElo "2547"]
[WhiteTeam "SRB"]
[BlackTeam "ARG"]
[WhiteClock "0:01:57"]
[BlackClock "0:00:00"]

1. d4 Nf6 2. c4 e6 3. Nc3 Bb4 4. e3 O-O 5. Bd3 d5 6. Nf3 c5 7. O-O dxc4 8. Bxc4 Nc6 9. a3 Bxc3 10. bxc3 Qc7 11. Qd3 e5 12. Ng5 h6 13. Ne4 Nxe4 14. Qxe4 cxd4 15. Bd3 f5 16. Qd5+ Kh8 17. cxd4 Rd8 18. Qc5 exd4 19. Bb2 Qd6 20. Qc1 dxe3 21. Rd1 exf2+ 22. Kh1 Qg6 23. Qf4 Be6 24. Qxf2 Rf8 25. Be2 Rad8 26. Bf3 1-0

[Event "January 2 Early 2024"]
[Site "https://www.chess.com"]
[Date "2024.01.02"]
[Round "11"]
[White "Kamsky, Gata"]
[Black "Kuzhylnyi, Oleksandr"]
[Result "1-0"]
[Board "35"]
[TimeControl "180+1"]
[WhiteFideId "2000024"]
[BlackFideId "34110500"]
[WhiteElo "2951"]
[BlackElo "2665"]
[WhiteTeam "USA"]
[BlackTeam "UKR"]
[WhiteClock "0:00:54"]
[BlackClock "0:00:20"]

1. e4 e5 2. Nf3 Nc6 3. Bb5 Nf6 4. O-O Nxe4 5. d4 Nd6 6. Bxc6 dxc6 7. dxe5 Nf5 8. Qxd8+ Kxd8 9. Rd1+ Ke8 10. Nc3 Be7 11. h3 h5 12. g3 Be6 13. Bf4 Rd8 14. Kg2 Rg8 15. Rxd8+ Kxd8 16. Rd1+ Kc8 17. Bg5 Rd8 18. Bxe7 Rxd1 19. Nxd1 Nxe7 20. a3 Kd7 21. Nd2 Ng6 22. f4 h4 23. Ne3 hxg3 24. Kxg3 Ne7 25. Ne4 b6 26. Ng5 c5 27. h4 Ba2 28. Kf3 f6 29. exf6 gxf6 30. Ne4 Ng8 31. b3 c4 32. Nxc4 a5 33. Nc3 1-0

[Event "January 2 Early 2024"]
[Site "https://www.chess.com"]
[Date "2024.01.02"]
[Round "11"]
[White "Ibarra Jerez, Jose Carlos"]
[Black "Volkov, Maksim"]
[Result "1-0"]
[Board "36"]
[TimeControl "180+1"]
[WhiteFideId "2226332"]
[BlackFideId "54123070"]
[WhiteElo "2900"]
[BlackElo "2662"]
[WhiteTeam "ESP"]
[BlackTeam "RUS"]
[WhiteClock "0:00:09"]
[BlackClock "0:00:11"]

1. a3 e5 2. b4 a5 3. b5 d5 4. Bb2 Bd6 5. e3 Ne7 6. c4 c6 7. Nf3 Nd7 8. Be2 O-O 9. O-O e4 10. Nd4 Ne5 11. cxd5 cxd5 12. Nc3 Bd7 13. Qb3 Rc8 14. Nxd5 Nxd5 15. Qxd5 Nf3+ 16. Nxf3 exf3 17. Bxf3 Be6 18. Qd4 f6 19. Bxb7 Rc2 20. Bc3 Qc7 21. Be4 Bxh2+ 22. Kh1 Be5 23. Qd3 Rxc3 24. dxc3 Rd8 25. Qe2 Bc4 26. Qh5 g6 27. Qf3 Bxf1 28. Rxf1 Qxc3 29. a4 Qc4 30. Rb1 f5 31. Bxf5 gxf5 32. Qxf5 Qh4+ 33. Kg1 Qh2+ 34. Kf1 Rd2 35. Ke1 Ra2 36. Qe6+ Kg7 37. Qxa2 Qxg2 38. Qc2 Qg1+ 39. Ke2 Qg4+ 40. Kd2 Qf3 41. Rg1+ Kf8 42. Qc5+ Kf7 43. Re1 Bf6 44. Qc4+ Kg7 45. Rg1+ Kf8 46. Rg8+ Ke7 47. Qc7+ Ke6 48. Re8+ Kf5 49. Qf4+ Qxf4 50. exf4 Bd4 51. Re7 h5 52. Rh7 Kg4 53. Rd7 Bxf2 54. Ke2 Bc5 55. Rc7 Bd4 56. Rc6 Kxf4 57. b6 Be5 58. b7 h4 59. Rc4+ Kg5 60. Rc5 Kf6 61. Rxe5 Kxe5 62. b8=Q+ Kd4 63. Qf4+ Kc3 64. Qxh4 Kb3 65. Qd4 Ka3 66. Kd2 Ka2 67. Qc4+ Kb1 68. Qb5+ Ka1 69. Kc2 Ka2 70. Qb2# 1-0

[Event "January 2 Early 2024"]
[Site "https://www.chess.com"]
[Date "2024.01.02"]
[Round "11"]
[White "Cordoba Roa, Angel Gabriel"]
[Black "Maksimovic, Bojan"]
[Result "0-1"]
[Board "37"]
[TimeControl "180+1"]
[WhiteFideId "3957624"]
[BlackFideId "14408120"]
[WhiteElo "2659"]
[BlackElo "2851"]
[WhiteTeam "COL"]
[BlackTeam "BIH"]
[WhiteClock "0:00:18"]
[BlackClock "0:01:05"]

1. e4 c5 2. Nf3 e6 3. d4 cxd4 4. Nxd4 a6 5. Nc3 b5 6. Bd3 Bb7 7. O-O Nc6 8. Nxc6 Bxc6 9. Re1 Ne7 10. Be3 Ng6 11. Nd5 Bd6 12. c4 O-O 13. Nb6 Rb8 14. c5 Bc7 15. a4 bxa4 16. Nxa4 Nf4 17. Bxa6 f5 18. Qd2 Nxg2 19. Kxg2 Qh4 20. f3 fxe4 21. f4 Rxf4 22. Kh1 Rbf8 23. Re2 Rf1+ 24. Rxf1 Rxf1+ 25. Kg2 Rf3 26. Kg1 Bxa4 27. Bc8 Qg4+ 28. Rg2 Qf5 29. Rf2 Qg4+ 30. Rg2 Qh3 31. Bb7 Bxh2+ 32. Rxh2 Rf1# 0-1

[Event "January 2 Early 2024"]
[Site "https://www.chess.com"]
[Date "2024.01.02"]
[Round "11"]
[White "Timerkhanov, Alexander"]
[Black "Finek, Vaclav"]
[Result "1/2-1/2"]
[Board "38"]
[TimeControl "180+1"]
[WhiteFideId "24177938"]
[BlackFideId "23718293"]
[WhiteElo "2651"]
[BlackElo "2828"]
[WhiteTeam "RUS"]
[BlackTeam "CZE"]
[WhiteClock "0:00:17"]
[BlackClock "0:00:21"]

1. d4 d5 2. c4 c6 3. Nf3 Nf6 4. Nbd2 g6 5. b3 Bg7 6. e3 O-O 7. Bb2 Bg4 8. Bd3 Nbd7 9. h3 e6 10. hxg4 Nxg4 11. Qe2 h5 12. e4 dxc4 13. Nxc4 c5 14. Ne3 cxd4 15. Nxg4 hxg4 16. Nd2 Qg5 17. O-O-O Ne5 18. Kb1 Nc6 19. f3 Rfd8 20. g3 gxf3 21. Nxf3 Qxg3 22. Rdg1 Qf4 23. Rh4 Qe3 24. Qf1 Nb4 25. Bc4 Bf6 26. Rh3 Qxe4+ 27. Ka1 Rac8 28. Nd2 Qe5 29. a3 Nc2+ 30. Ka2 Ne3 31. Nf3 Qf5 32. Qd3 Nxc4 33. Qxf5 exf5 34. bxc4 Rxc4 35. Rd1 b5 36. Rh2 g5 37. Rhd2 g4 38. Nxd4 Rd5 39. Ne2 Rxd2 40. Rxd2 Bxb2 41. Kxb2 f4 42. Rd5 f3 43. Rg5+ Kh7 44. Ng3 Rf4 45. Kc3 f2 46. Nf1 f5 47. Kd2 Kh6 48. Rg8 Rf3 49. Ke2 Rxa3 50. Kxf2 Rf3+ 51. Kg2 a5 52. Ng3 a4 53. Rb8 Rb3 54. Nxf5+ Kg5 55. Nd4 Rb2+ 56. Kg3 a3 57. Ra8 a2 58. Ra5 Kf6 59. Nxb5 Rxb5 60. Rxa2 Kg5 61. Ra3 Rc5 62. Rb3 Rd5 63. Ra3 Rb5 64. Rc3 Ra5 65. Rd3 Rc5 66. Re3 Rd5 67. Rc3 Rb5 68. Ra3 Rc5 69. Rb3 Re5 70. Ra3 Rf5 71. Rb3 Re5 72. Ra3 Rd5 73. Rb3 Rc5 74. Ra3 Rd5 75. Rb3 Ra5 76. Rc3 Rb5 77. Rd3 Rc5 78. Re3 Rc4 79. Re5+ Kf6 80. Re3 Rd4 81. Ra3 Kf5 82. Rb3 Ke4 83. Kxg4 Kd5+ 84. Kf5 Kc4 85. Rf3 Rd5+ 86. Ke4 Rc5 87. Ke3 Kb5 88. Rf4 Kc6 89. Re4 Rd5 90. Rd4 Rxd4 91. Kxd4 1/2-1/2

[Event "January 2 Early 2024"]
[Site "https://www.chess.com"]
[Date "2024.01.02"]
[Round "11"]
[White "Narayanan, Srinath"]
[Black "Jakubowski, Krzysztof"]
[Result "1/2-1/2"]
[Board "39"]
[TimeControl "180+1"]
[WhiteFideId "5018420"]
[BlackFideId "1112848"]
[WhiteElo "2824"]
[BlackElo "2647"]
[WhiteTeam "IND"]
[BlackTeam "POL"]
[WhiteClock "0:00:05"]
[BlackClock "0:00:05"]

1. d4 Nf6 2. Nf3 e6 3. c4 b6 4. g3 Be7 5. Bg2 c6 6. O-O d5 7. Qc2 O-O 8. Nbd2 Nbd7 9. e4 Bb7 10. e5 Ne8 11. b3 Rc8 12. Bb2 Qc7 13. Rfd1 Qb8 14. Rac1 Nc7 15. a3 c5 16. cxd5 exd5 17. Qd3 Ba6 18. Qf5 Ne6 19. h4 g6 20. Qb1 Rfd8 21. Nf1 Be2 22. Re1 Bxf3 23. Bxf3 cxd4 24. Rxc8 Rxc8 25. Bxd5 Ndf8 26. Nd2 Rd8 27. Bc4 b5 28. Bf1 a5 29. Qe4 Rc8 30. h5 b4 31. a4 Nc5 32. Qg4 Rd8 33. Bc4 Nce6 34. Nf3 Qb6 35. Rd1 d3 36. Rxd3 Rxd3 37. Bxd3 Bc5 38. Kg2 Bxf2 39. Bc4 Bc5 40. Bc1 Qd8 41. Bh6 Qd1 42. Bxf8 Kxf8 43. hxg6 hxg6 44. Qe4 Kg7 45. Bxe6 fxe6 46. Qc4 Be3 47. Qc7+ Kh6 48. Qc4 Qb1 49. Qh4+ Kg7 50. Qf6+ Kh7 51. Qf7+ Kh6 52. Qxe6 Qc2+ 53. Kh3 Qd1 54. Nh2 Qh5+ 55. Kg2 Qe2+ 56. Kh3 Qh5+ 57. Kg2 Qe2+ 58. Kh3 Qh5+ 1/2-1/2

[Event "January 2 Early 2024"]
[Site "https://www.chess.com"]
[Date "2024.01.02"]
[Round "11"]
[White "Al-Tarboush, Ward"]
[Black "Anuj Shrivatri"]
[Result "1/2-1/2"]
[Board "40"]
[TimeControl "180+1"]
[WhiteFideId "7601450"]
[BlackFideId "35070924"]
[WhiteElo "2628"]
[BlackElo "2771"]
[WhiteTeam "NOR"]
[BlackTeam "IND"]
[WhiteClock "0:00:11"]
[BlackClock "0:00:15"]

1. e4 c6 2. Nf3 d5 3. Nc3 dxe4 4. Nxe4 Nf6 5. Nxf6+ exf6 6. Bc4 Bd6 7. Qe2+ Be7 8. O-O O-O 9. d4 Bd6 10. Re1 Nd7 11. Bd3 Nb6 12. c4 Bc7 13. Be3 Re8 14. Nd2 g6 15. Qf3 f5 16. Nb3 Be6 17. Rac1 Na4 18. Rc2 h5 19. Rce2 Qd7 20. Bf4 Bxf4 21. Qxf4 Rad8 22. h4 Nb6 23. Rc1 Na4 24. g3 Qd6 25. Qxd6 Rxd6 26. d5 cxd5 27. c5 Rdd8 28. Bb5 Bd7 29. Bxd7 Rxe2 30. Bxa4 Rxb2 31. a3 d4 32. Rd1 d3 33. Nd2 Rc2 34. f4 Rxc5 35. Kf2 Ra5 36. Bb3 Rxa3 37. Ke3 b5 38. Rc1 a5 39. Rc7 Rf8 40. Ra7 a4 41. Kd4 Rxb3 42. Nxb3 axb3 43. Kxd3 Rc8 44. Ra3 Rd8+ 45. Ke3 b4 46. Rxb3 Rb8 47. Kd4 Kg7 48. Kc4 Kf6 49. Rxb4 Rxb4+ 50. Kxb4 Ke6 51. Kc5 f6 52. Kc6 g5 53. Kc5 gxf4 54. gxf4 Ke7 55. Kd5 Kd7 56. Kc5 Ke6 57. Kc6 Ke7 58. Kd5 Kd7 59. Kc5 Ke7 60. Kc6 Ke6 61. Kc5 Ke7 1/2-1/2

[Event "January 2 Early 2024"]
[Site "https://www.chess.com"]
[Date "2024.01.02"]
[Round "11"]
[White "Haug, Havard"]
[Black "Souleidis, Georgios"]
[Result "0-1"]
[Board "41"]
[TimeControl "180+1"]
[WhiteFideId "1547887"]
[BlackFideId "4206827"]
[WhiteElo "2769"]
[BlackElo "2625"]
[WhiteTeam "NOR"]
[BlackTeam "GRE"]
[WhiteClock "0:00:00"]
[BlackClock "0:00:09"]

1. b3 d5 2. Bb2 Bf5 3. f4 e6 4. Nf3 Nf6 5. e3 a6 6. Be2 c5 7. O-O Nc6 8. Ne5 Rc8 9. d3 Bd6 10. Nd2 O-O 11. Ndf3 Ng4 12. Nxg4 Bxg4 13. Qe1 Bxf3 14. Bxf3 Be7 15. e4 dxe4 16. dxe4 Nd4 17. Qf2 Nxf3+ 18. Qxf3 c4 19. f5 exf5 20. exf5 cxb3 21. Qxb3 b5 22. f6 Bxf6 23. Rxf6 gxf6 24. Qg3+ Kh8 25. Qf3 Qb6+ 26. Kh1 Rc6 27. Rf1 Re8 28. h3 Ree6 29. Qf5 Qc5 30. Qg4 Qxc2 31. Ba1 Qg6 32. Qf3 h5 33. Rd1 Kg7 34. Kh2 Rcd6 35. Rf1 Rd3 36. Qf4 Red6 37. Rf2 Re6 38. Bb2 Rd5 39. Bc1 Ree5 40. Bb2 Rf5 41. Qe3 Rxf2 42. Qxf2 Rf5 43. Qe3 h4 44. Qe1 Qg3+ 45. Qxg3+ hxg3+ 46. Kxg3 Rd5 47. Kf3 Rd2 48. Ba3 Rxa2 49. Bc5 a5 50. h4 b4 51. g4 Rb2 52. Bd4 Rb3+ 53. Kf4 a4 54. g5 a3 55. h5 Rb1 56. Bxf6+ Kh7 57. Kf5 a2 58. g6+ fxg6+ 59. hxg6+ Kg8 60. Ke6 a1=Q 61. Bxa1 Rxa1 62. Kd5 b3 63. Kc5 b2 64. Kc6 b1=Q 0-1

[Event "January 2 Early 2024"]
[Site "https://www.chess.com"]
[Date "2024.01.02"]
[Round "11"]
[White "Oganian, Miran"]
[Black "Golubev, Mikhail"]
[Result "1-0"]
[Board "42"]
[TimeControl "180+1"]
[WhiteFideId "4122488"]
[BlackFideId "14100983"]
[WhiteElo "2749"]
[BlackElo "2614"]
[WhiteTeam "RUS"]
[BlackTeam "UKR"]
[WhiteClock "0:00:30"]
[BlackClock "0:00:00"]

1. e4 c5 2. Nf3 d6 3. Bb5+ Bd7 4. Bxd7+ Qxd7 5. O-O Nf6 6. Qe2 Nc6 7. c3 e6 8. d4 cxd4 9. cxd4 d5 10. e5 Ne4 11. Be3 Be7 12. Ne1 f5 13. exf6 Bxf6 14. f3 Nd6 15. Nc2 Nf5 16. Rd1 Nxe3 17. Qxe3 O-O 18. Nc3 Rae8 19. Kh1 e5 20. dxe5 Rxe5 21. Qd3 Rd8 22. Ne3 d4 23. Ne4 Be7 24. Nc4 Rd5 25. Re1 Kh8 26. a3 b5 27. Ncd2 Ne5 28. Qb3 d3 29. Rad1 Bf8 30. h3 Nc6 31. Nc3 Rh5 32. Qe6 Qxe6 33. Rxe6 Nd4 34. Re4 Nc2 35. Nf1 h6 36. Ne3 b4 37. axb4 Nxb4 38. f4 Rc5 39. f5 Rcc8 40. g4 Bc5 41. h4 Re8 42. Rxb4 Bxb4 43. Ncd5 d2 44. Nxb4 Rxe3 45. Rxd2 Re4 46. Nd5 Rxg4 47. Ne7 Rxh4+ 48. Kg2 Rg4+ 49. Kf3 Rcc4 50. Ng6+ Kh7 51. Nf8+ Kg8 52. Ng6 Kh7 53. Nf8+ Kg8 54. Ne6 Kf7 55. Rd6 Ke7 56. Ra6 Rh4 57. b3 Kd7 58. bxc4 Rxc4 59. Nxg7 Rc3+ 60. Kf4 Rc4+ 61. Ke5 Rc5+ 62. Ke4 Rc4+ 63. Kd5 Rg4 64. Rxa7+ 1-0

[Event "January 2 Early 2024"]
[Site "https://www.chess.com"]
[Date "2024.01.02"]
[Round "11"]
[White "Hajiyev, Kanan"]
[Black "Korchmar, Vasiliy"]
[Result "1-0"]
[Board "43"]
[TimeControl "180+1"]
[WhiteFideId "13404148"]
[BlackFideId "24131750"]
[WhiteElo "2622"]
[BlackElo "2747"]
[WhiteTeam "AZE"]
[BlackTeam "RUS"]
[WhiteClock "0:00:08"]
[BlackClock "0:00:03"]

1. d4 Nf6 2. Nf3 g6 3. g3 Bg7 4. Bg2 O-O 5. O-O d6 6. b3 Ne4 7. Bb2 f5 8. Nbd2 e6 9. c4 Nd7 10. Qc2 Ndf6 11. Rad1 Bd7 12. Ne1 Bc6 13. Nb1 Ng5 14. f3 Qe8 15. Nc3 e5 16. dxe5 dxe5 17. Nd5 Nxd5 18. cxd5 Bb5 19. a4 Ba6 20. h4 Nf7 21. b4 c6 22. Nd3 Rc8 23. dxc6 Rxc6 24. Qb3 Bc4 25. Qa3 Qe7 26. Rd2 Rd8 27. Rfd1 Rcd6 28. Qc3 b5 29. axb5 Bxb5 30. Bf1 Bh6 31. f4 Rc6 32. Nc5 Rxd2 33. Rxd2 exf4 34. gxf4 Qxh4 35. Rd7 Qxf4 36. Rd8+ Nxd8 37. Qh8+ Kf7 38. Qxh7+ Kf8 39. Qh8+ Ke7 40. Qh7+ Kd6 41. Qd7# 1-0

[Event "January 2 Early 2024"]
[Site "https://www.chess.com"]
[Date "2024.01.02"]
[Round "11"]
[White "Lewtak, Damian"]
[Black "Veljanoski, Andrej"]
[Result "0-1"]
[Board "44"]
[TimeControl "180+1"]
[WhiteFideId "1141724"]
[BlackFideId "15003604"]
[WhiteElo "2737"]
[BlackElo "2610"]
[WhiteTeam "POL"]
[BlackTeam "MKD"]
[WhiteClock "0:00:09"]
[BlackClock "0:00:39"]

1. e4 b6 2. d4 Bb7 3. Bd3 g6 4. Nc3 Bg7 5. h4 h6 6. h5 gxh5 7. Nge2 d6 8. Be3 Nd7 9. Ng3 e6 10. Nxh5 Bf8 11. Qe2 Qe7 12. Ba6 O-O-O 13. a4 Nb8 14. Bxb7+ Kxb7 15. a5 Nf6 16. axb6 cxb6 17. Nxf6 Qxf6 18. Nb5 a6 19. Nc3 d5 20. Rh5 Bb4 21. e5 Qg6 22. g3 Bxc3+ 23. bxc3 b5 24. Kd2 Nd7 25. Rah1 Nb6 26. Rxh6 Rxh6 27. Rxh6 Qg8 28. Qh5 Rc8 29. Rh7 Rc7 30. g4 Qe8 31. Ke2 a5 32. g5 a4 33. Bc1 Nc4 34. Rh8 Qc6 35. Qh7 a3 36. Qg8 Kb6 37. Qb8+ Qb7 38. Bxa3 Nxa3 39. Qf8 Nb1 40. Qd6+ Qc6 41. Rb8+ Rb7 42. Qd8+ Qc7 43. Qxc7+ Kxc7 44. Rf8 Kb6 45. Re8 Nxc3+ 46. Kd3 b4 47. g6 fxg6 48. Rxe6+ Kb5 49. Rxg6 Nb1 50. e6 Rc7 51. f4 Rc3+ 52. Ke2 Rxc2+ 53. Ke3 Rc1 54. f5 b3 55. Rg8 Re1+ 56. Kf4 Re4+ 57. Kg5 Kc4 58. Rb8 Nc3 59. Kf6 Nb5 60. Rc8+ Kxd4 61. Rc1 b2 62. Rd1+ Kc3 63. e7 Kc2 64. Rg1 b1=Q 65. Rxb1 Kxb1 66. Kf7 d4 67. f6 d3 68. Kf8 Nd6 69. f7 d2 70. Kg8 Nxf7 71. e8=Q Rxe8+ 0-1

[Event "January 2 Early 2024"]
[Site "https://www.chess.com"]
[Date "2024.01.02"]
[Round "11"]
[White "Vaibhav Jayant Raut"]
[Black "Coca Cubillos, Jesus Alberto"]
[Result "0-1"]
[Board "45"]
[TimeControl "180+1"]
[WhiteFideId "5089034"]
[BlackFideId "4462912"]
[WhiteElo "2737"]
[BlackElo "2605"]
[WhiteTeam "IND"]
[BlackTeam "COL"]
[WhiteClock "0:00:10"]
[BlackClock "0:00:55"]

1. c4 g6 2. Nc3 Bg7 3. g3 Nh6 4. Bg2 O-O 5. e3 Kh8 6. Nge2 f5 7. h4 d6 8. h5 g5 9. d4 Nc6 10. e4 e5 11. d5 Nd4 12. Nxd4 exd4 13. Ne2 c5 14. dxc6 bxc6 15. Nxd4 fxe4 16. O-O Bg4 17. Qd2 Bxh5 18. Ne6 Qf6 19. Nxf8 Rxf8 20. Qxg5 Qf7 21. Bd2 Bf3 22. Bh3 Ng8 23. Bc3 Bxc3 24. bxc3 Qxc4 25. Rab1 Qxc3 26. Rb7 Qf6 27. Bf5 Ne7 28. Qxf6+ Rxf6 29. Rxe7 Rxf5 30. Rb1 Rf8 31. Rbb7 Rc8 32. Rxh7+ Kg8 33. Rbg7+ Kf8 34. Rxa7 Kg8 35. Rhc7 Rb8 36. Rab7 Ra8 37. a4 c5 38. a5 e3 39. Ra7 Rxa7 40. Rxa7 e2 41. Re7 d5 42. a6 Be4 43. Rxe4 dxe4 44. Kg2 e1=Q 45. a7 Qa5 46. g4 Qxa7 47. g5 Qf7 48. g6 Qf3+ 49. Kh2 Kg7 50. Kg1 Kxg6 51. Kh2 Kg5 52. Kg1 Kg4 53. Kh2 c4 54. Kg1 e3 55. Kh2 Qxf2+ 56. Kh1 Qe2 57. Kg1 Kg3 58. Kh1 Qf1# 0-1

[Event "January 2 Early 2024"]
[Site "https://www.chess.com"]
[Date "2024.01.02"]
[Round "11"]
[White "Jeet, Jain"]
[Black "Arabidze, Meri"]
[Result "0-1"]
[Board "46"]
[TimeControl "180+1"]
[WhiteFideId "5073022"]
[BlackFideId "13604040"]
[WhiteElo "2580"]
[BlackElo "2736"]
[WhiteTeam "IND"]
[BlackTeam "GEO"]
[WhiteClock "0:00:00"]
[BlackClock "0:00:28"]

1. Nf3 Nf6 2. g3 b6 3. Bg2 Bb7 4. O-O g6 5. d3 Bg7 6. e4 O-O 7. e5 Ne8 8. d4 d6 9. c4 c5 10. exd6 Nxd6 11. dxc5 bxc5 12. Na3 Nc6 13. Rb1 Nb4 14. Be3 Rc8 15. Qb3 Qb6 16. Nc2 Be4 17. Nxb4 Qxb4 18. Qxb4 cxb4 19. Rbd1 Bxb2 20. c5 Nc4 21. Rd7 Nxe3 22. fxe3 Bf6 23. Rc1 a5 24. Nd4 Bxg2 25. Kxg2 Rfd8 26. c6 Bxd4 27. exd4 e6 28. Kf3 Kf8 29. Ke4 Rxd7 30. cxd7 Rd8 31. Rc5 Rxd7 32. Rxa5 Rb7 33. Ra8+ Ke7 34. Ra6 h5 35. h3 Rb5 36. Ra7+ Kf6 37. Ra6 b3 38. axb3 Rxb3 39. g4 Rxh3 40. gxh5 Rxh5 41. Rb6 Rh4+ 0-1

[Event "January 2 Early 2024"]
[Site "https://www.chess.com"]
[Date "2024.01.02"]
[Round "11"]
[White "Liyanage, Ranindu Dilshan"]
[Black "Srdanovic, Jovana"]
[Result "1-0"]
[Board "47"]
[TimeControl "180+1"]
[WhiteFideId "9915834"]
[BlackFideId "954810"]
[WhiteElo "2713"]
[BlackElo "2531"]
[WhiteTeam "SRI"]
[BlackTeam "SRB"]
[WhiteClock "0:00:23"]
[BlackClock "0:00:19"]

1. e4 c5 2. Nc3 Nc6 3. Bb5 Nd4 4. Bc4 e6 5. Nge2 a6 6. a4 Ne7 7. O-O Nec6 8. Ng3 g6 9. d3 Bg7 10. f4 d6 11. f5 exf5 12. exf5 O-O 13. fxg6 hxg6 14. Nce4 Ne5 15. Bg5 Qd7 16. Nf6+ Bxf6 17. Bxf6 Nxc4 18. Qc1 Kh7 19. Rf4 g5 20. Bxg5 f5 21. Rh4+ Kg6 22. Rh6+ Kg7 23. Nh5+ Kg8 24. Kh1 Ne5 25. Nf6+ Rxf6 26. Bxf6 Nf7 27. Rg6+ Kf8 28. Qe3 f4 29. Bg7+ Kg8 30. Qe4 Nf5 31. Bc3+ Kf8 32. Qxf4 b5 33. Rf1 b4 34. Bf6 Qe6 35. Bg7+ 1-0

[Event "January 2 Early 2024"]
[Site "https://www.chess.com"]
[Date "2024.01.02"]
[Round "11"]
[White "Tasev, Dejan"]
[Black "Pinero Rodriguez, Carlos Jose"]
[Result "1-0"]
[Board "48"]
[TimeControl "180+1"]
[WhiteFideId "936618"]
[BlackFideId "3901726"]
[WhiteElo "2706"]
[BlackElo "2540"]
[WhiteTeam "SRB"]
[BlackTeam "VEN"]
[WhiteClock "0:00:43"]
[BlackClock "0:00:33"]

1. e4 c5 2. Nf3 e6 3. b3 b6 4. Bb2 Bb7 5. d3 Nf6 6. a4 d5 7. exd5 Nxd5 8. g3 Nc6 9. Bg2 h5 10. h4 f6 11. O-O Bd6 12. Na3 Kf7 13. Nc4 Bc7 14. Re1 e5 15. c3 Qd7 16. d4 exd4 17. cxd4 Ncb4 18. dxc5 bxc5 19. Qd2 Rhe8 20. Rxe8 Rxe8 21. Rd1 Qe6 22. Re1 Qd7 23. Rxe8 Qxe8 24. Na3 Bc6 25. Nc4 Nb6 26. Nd6+ Bxd6 27. Qxd6 Qe7 28. Qd2 Qe6 29. a5 Nc8 30. Qf4 Nd6 31. Ng5+ 1-0

[Event "January 2 Early 2024"]
[Site "https://www.chess.com"]
[Date "2024.01.02"]
[Round "11"]
[White "Kopczynski, Michal"]
[Black "Rakitin, Daniil"]
[Result "0-1"]
[Board "49"]
[TimeControl "180+1"]
[WhiteFideId "1124200"]
[BlackFideId "24219762"]
[WhiteElo "2525"]
[BlackElo "2705"]
[WhiteTeam "POL"]
[BlackTeam "RUS"]
[WhiteClock "0:01:06"]
[BlackClock "0:01:02"]

1. e4 c6 2. d4 d5 3. Nc3 dxe4 4. Nxe4 Nf6 5. Ng3 h5 6. Bd3 h4 7. N3e2 h3 8. Nxh3 Bxh3 9. gxh3 e6 10. Bg5 Qd5 11. Rg1 Nbd7 12. Qd2 Be7 13. h4 g6 14. Nf4 Qxd4 15. O-O-O O-O-O 16. Qa5 Bb4 17. c3 Qxf4+ 18. Bxf4 Bxa5 19. Bg5 Rde8 20. Bc4 Bd8 21. Be3 Rxh4 22. Be2 Nd5 23. Bxa7 Bb6 24. Bxb6 N7xb6 25. c4 Nf4 26. Bf3 Rxh2 27. Rh1 Reh8 28. Rxh2 Rxh2 29. Rd2 Rxf2 30. Rxf2 Nd3+ 31. Kd2 Nxf2 32. b3 Nh3 33. Ke3 Ng5 34. Bg2 e5 35. a4 f5 36. a5 Nd7 37. b4 f4+ 38. Kd3 Kc7 0-1

[Event "January 2 Early 2024"]
[Site "https://www.chess.com"]
[Date "2024.01.02"]
[Round "11"]
[White "Piesik, Piotr"]
[Black "Devaev, Alexander"]
[Result "1-0"]
[Board "50"]
[TimeControl "180+1"]
[WhiteFideId "1136194"]
[BlackFideId "4169395"]
[WhiteElo "2675"]
[BlackElo "2521"]
[WhiteTeam "CZE"]
[BlackTeam "RUS"]
[WhiteClock "0:01:24"]
[BlackClock "0:00:00"]

1. d4 Nf6 2. c4 e6 3. Nc3 Bb4 4. f3 d5 5. a3 Bxc3+ 6. bxc3 c5 7. cxd5 exd5 8. e3 b6 9. Bd3 O-O 10. Ne2 Ba6 11. O-O Re8 12. Ng3 Bxd3 13. Qxd3 Nc6 14. Bb2 Qd7 15. Rae1 Rad8 16. Re2 h5 17. Rd1 g6 18. Nh1 c4 19. Qc2 Qf5 20. e4 dxe4 21. Ng3 Qf4 22. fxe4 h4 23. Rf1 Qg5 24. Bc1 Qg4 25. Rxf6 hxg3 26. h3 Qd7 27. Rf3 Ne7 28. Rxg3 Nf5 29. exf5 Rxe2 30. Qxe2 Qxf5 31. Rf3 Qb1 32. Rf1 Qb3 33. Bg5 Rf8 34. Qe3 Qxa3 35. Bh6 Rd8 36. Qe5 1-0

[Event "January 2 Early 2024"]
[Site "https://www.chess.com"]
[Date "2024.01.02"]
[Round "11"]
[White "Postnikov, Daniil"]
[Black "Arslanov, Shamil"]
[Result "1-0"]
[Board "51"]
[TimeControl "180+1"]
[WhiteFideId "4166329"]
[BlackFideId "4192826"]
[WhiteElo "2518"]
[BlackElo "2673"]
[WhiteTeam "RUS"]
[BlackTeam "RUS"]
[WhiteClock "0:00:51"]
[BlackClock "0:00:00"]

1. e4 d6 2. d4 e5 3. Nf3 Bg4 4. dxe5 Nc6 5. Nc3 Qd7 6. Be2 O-O-O 7. Bf4 Qe8 8. exd6 Bxd6 9. Bxd6 Rxd6 10. Qc1 Nf6 11. Qf4 Bxf3 12. Bxf3 Nd4 13. O-O-O Nd7 14. Rhe1 Ne5 15. Be2 f6 16. Qe3 c5 17. f4 Nec6 18. Bd3 Kb8 19. g3 h5 20. Qf2 Qd8 21. Nd5 Re8 22. c3 Ne6 23. Bc2 Qa5 24. Kb1 Red8 25. h4 a6 26. Qe2 Nc7 27. Nxc7 Qxc7 28. Qxh5 b5 29. Qxc5 Rd2 30. Qe3 Rh2 31. Rxd8+ Nxd8 32. Rd1 Ne6 33. a3 Nc5 34. Qd4 Rg2 35. Qe3 Ne6 36. Rd2 1-0